 Dungeon Crawl Stone Soup version 0.29.0-4-gdea44cf6ec (webtiles) character file.

Game seed: 13951225658929310475

180 qw the Chopper (level 5, -2/30 HPs)
             Began as a Tengu Warper on Aug 28, 2022.
             Killed by nerve-wracking pain
             ... invoked by Grinder
              (14 damage)
             ... while paralysed by Grinder
             ... on level 4 of the Dungeon.
             The game lasted 00:00:19 (3291 turns).

qw the Chopper (Tengu Warper)                       Turns: 3291, Time: 00:00:20

Health: -2/30      AC:  7    Str: 14    XL:     5   Next: 60%
Magic:  9/9        EV:  2    Int: 13    God:
Gold:   201        SH:  0    Dex: 13    Spells: 8/8 levels left

rFire   . . .      SeeInvis .   Y - +0 war axe
rCold   . . .      Faith    .   (no shield)
rNeg    . . .      Spirit   .   i - +0 scale mail
rPois   .          Reflect  .   (helmet restricted)
rElec   .          Harm     .   (no cloak)
rCorr   .          Rampage  .   h - +0 pair of gloves
Will    .....                   (boots unavailable)
Stlth   ..........              (no amulet)
HPRegen 0.10/turn               (no ring)
MPRegen 0.11/turn               (no ring)

@: paralysed, flying quickly and evasively, quick
A: beak, talons 3, nimble flight
a: no special abilities


You were on level 4 of the Dungeon.
You visited 1 branch of the dungeon, and saw 4 of its levels.

You collected 201 gold pieces.


Innate Abilities, Weirdness & Mutations

You have a beak for a mouth.
You have claws for feet.
Your magical nature lets you fly swiftly and evasively.


   Skills:
 - Level 2.0 Fighting
 + Level 6.2 Axes
 - Level 1.0 Throwing
 - Level 1.1 Armour
 - Level 2.1 Dodging
 - Level 2.0 Spellcasting
 - Level 2.4 Translocations


You had 8 spell levels left.
You didn't know any spells.
Your spell library contained the following spells:

 Spells                   Type           Power      Damage    Failure   Level
 Blink                    Tloc           14%        N/A       54%         2
 Gell's Gravitas          Tloc           7%         N/A       77%         3
 Lesser Beckoning         Tloc           7%         N/A       77%         3
 Teleport Other           Tloc           7%         N/A       77%         3
 Manifold Assault         Tloc           7%         N/A       100%        5

Inventory:

Hand Weapons
 f - a +0 flail
 Y - a +0 war axe (weapon)
Armour
 h - a +0 pair of gloves (worn)
 i - a +0 scale mail (worn)
Jewellery
 b - a ring of ice
Wands
 c - a wand of digging (6)
Scrolls
 e - a scroll of identify
Potions
 a - a potion of heal wounds
 g - a potion of mutation
 j - a potion of curing {unknown}

Dungeon Overview and Level Annotations

Branches:
Dungeon (4/15)
 Temple: D:4-7

Altars:

Shops:
D:4 (

Annotations:
D:4 Grinder


Message History

What level of the Dungeon? (default 1, ? - help)
There is a stone staircase leading down here.
You fly downwards.
Found a scroll of blinking and a robe.
There is a stone staircase leading up here.
Existing waypoints: (1) D:2 (2) D:3 Assign waypoint to what number? (0-9, D - delete waypoint) Waypoint 1 re-assigned from D:2 to D:4.
You feel your willpower return.
Found an escape hatch in the ceiling.
Enter note: You now have 201 gold pieces (gained 13).
Grinder and a kobold come into view.
Grinder shouts!
The kobold shouts!
A worm comes into view.
3278 ||| Stepping ~*~*~tactically~*~*~ (hiding).
You start waiting.
A kobold is nearby!
You slash the kobold!
You kill the kobold!
A jelly and a kobold come into view.
The jelly quivers.
Grinder drinks a potion.
Grinder flickers and vanishes!
Deactivating autopickup; reactivate with Ctrl-A.
The jelly moves out of view.
Things that are here:
a +0 short sword; a scroll of identify; a kobold corpse You barely miss something.
You peck something. Something hits you but does no damage.
A quokka comes into view.
The worm bites you.
The quokka moves out of view.
You hit the worm.
The worm is moderately wounded.
You suddenly lose the ability to move!
Something tries to affect you, but you resist.
The worm bites you!
You shrug off the repeated paralysis!
The worm bites you. Pain shoots through your body!
You die... .# ##.## # .###...##.# .......#. ....... # r.... #8 JK.

##<.## #w#
8.\.8.###@###.##
#......)$.{.....
#8..##.#####.###
#. #.# #.# #.#
#.# #.#
#######.#


You could see a worm, a jelly, a quokka and a kobold.

Vanquished Creatures
  An orc priest (D:3)
  2 orc wizards (D:3)
  An adder (D:3)
  2 worms (D:2)
  4 dart slugs
  6 orcs (D:3)
  4 ball pythons
  2 endoplasms
  A giant cockroach (D:3)
  9 hobgoblins
  10 jackals
  2 quokkas
  4 bats
  3 frilled lizards
  10 kobolds
  5 rats
66 creatures vanquished.

Vanquished Creatures (others)
  An orc wizard (D:3)
1 creature vanquished.

Grand Total: 67 creatures vanquished

Notes
Turn   | Place    | Note
-------+----------+-------------------------------------------
     0 | D:1      | qw the Tengu Warper began the quest for the Orb.
     0 | D:1      | Reached XP level 1. HP: 12/12 MP: 4/4
     0 | D:1      | 0 ||| qw: Version: 0.1-a-89-g26bdef1
     0 | D:1      | 0 ||| qw: Game counter: 56
     0 | D:1      | 0 ||| qw: Always use a shield: true
     0 | D:1      | 0 ||| qw: God list: Okawaru
     0 | D:1      | 0 ||| qw: Allow faded altars: false
     0 | D:1      | 0 ||| qw: Do Orc after D:15 true
     0 | D:1      | 0 ||| qw: Do second Lair branch before Depths: true
     0 | D:1      | 0 ||| qw: Lair rune preference: random
     0 | D:1      | 0 ||| qw: Plans: Normal
     0 | D:1      | 0 ||| PLANNING D:1-11
    50 | D:1      | 50 ||| Stepping ~*~*~tactically~*~*~ (hiding).
    61 | D:1      | Reached XP level 2. HP: 17/17 MP: 6/6
    74 | D:1      | 74 ||| Stepping ~*~*~tactically~*~*~ (stealth).
    79 | D:1      | Reached skill level 3 in Axes
   389 | D:1      | 389 ||| Stepping ~*~*~tactically~*~*~ (stealth).
   498 | D:1      | Reached XP level 3. HP: 21/21 MP: 7/7
   501 | D:1      | 501 ||| Stepping ~*~*~tactically~*~*~ (stealth).
   620 | D:1      | 620 ||| SWAPPING to +0 war axe.
   621 | D:1      | 621 ||| DROPPING +0 hand axe.
   866 | D:1      | 866 ||| UPGRADING to +0 pair of gloves.
   871 | D:1      | 871 ||| UPGRADING to +0 scale mail.
   881 | D:1      | 881 ||| DROPPING +0 leather armour.
   882 | D:1      | 882 ||| READING scroll labelled WYSURGHECEC.
   883 | D:1      | 883 ||| READING scroll labelled IMMUT EZUXYFANG.
   884 | D:1      | 884 ||| READING scroll labelled WUIHEXT HIESE.
   885 | D:1      | 885 ||| READING scroll labelled XAFRYS HU DORI.
   886 | D:1      | 886 ||| DROPPING scroll of blinking.
   918 | D:2      | Reached skill level 4 in Axes
   952 | D:2      | Found a faded altar of an unknown god.
  1821 | D:2      | 1821 ||| DROPPING amulet of magic regeneration.
  1822 | D:2      | 1822 ||| DRINKING 3 coppery potions.
  1823 | D:2      | 1823 ||| DROPPING 2 potions of flight.
  1878 | D:3      | 1878 ||| Stepping ~*~*~tactically~*~*~ (stealth).
  1885 | D:3      | Reached XP level 4. HP: 26/26 MP: 8/8
  1886 | D:3      | 1886 ||| Stepping ~*~*~tactically~*~*~ (hiding).
  1887 | D:3      | 1887 ||| Stepping ~*~*~tactically~*~*~ (hiding).
  1891 | D:3      | Reached skill level 5 in Axes
  2017 | D:3      | 2017 ||| Stepping ~*~*~tactically~*~*~ (stealth).
  2021 | D:3      | 2021 ||| Stepping ~*~*~tactically~*~*~ (hiding).
  2111 | D:3      | Gained mutation: Your magical nature lets you fly swiftly
                  | and evasively. [Tengu growth]
  2111 | D:3      | Reached XP level 5. HP: 28/30 MP: 9/9
  2294 | D:3      | 2294 ||| Stepping ~*~*~tactically~*~*~ (stealth).
  2423 | D:3      | 2423 ||| Stepping ~*~*~tactically~*~*~ (stealth).
  2485 | D:3      | 2485 ||| Stepping ~*~*~tactically~*~*~ (hiding).
  2505 | D:3      | 2505 ||| FLEEEEING.
  2517 | D:3      | 2517 ||| FLEEEEING.
  2518 | D:3      | 2518 ||| FLEEEEING.
  2519 | D:3      | 2519 ||| FLEEEEING.
  2520 | D:3      | 2520 ||| FLEEEEING.
  2521 | D:3      | 2521 ||| FLEEEEING.
  2522 | D:3      | 2522 ||| FLEEEEING.
  2524 | D:3      | 2524 ||| FLEEEEING.
  2525 | D:3      | 2525 ||| FLEEEEING.
  2526 | D:3      | 2526 ||| FLEEEEING.
  2527 | D:3      | 2527 ||| FLEEEEING.
  2528 | D:3      | 2528 ||| FLEEEEING.
  2529 | D:3      | 2529 ||| FLEEEEING.
  2530 | D:3      | 2530 ||| FLEEEEING.
  2531 | D:3      | 2531 ||| FLEEEEING.
  2535 | D:3      | 2535 ||| FLEEEEING.
  2540 | D:3      | 2540 ||| Stepping ~*~*~tactically~*~*~ (hiding).
  2544 | D:3      | 2544 ||| FLEEEEING.
  2548 | D:3      | 2548 ||| FLEEEEING.
  2549 | D:3      | 2549 ||| FLEEEEING.
  2554 | D:3      | 2554 ||| FLEEEEING.
  2558 | D:3      | 2558 ||| STAIRDANCE
  2653 | D:2      | 2653 ||| READING scroll labelled ETWAHE QIFASU.
  2754 | D:2      | 2754 ||| READING 2 scrolls of identify.
  2754 | D:2      | 2754 ||| IDENTIFYING sapphire potion
  2758 | D:3      | 2758 ||| Stepping ~*~*~tactically~*~*~ (hiding).
  2762 | D:3      | Reached skill level 6 in Axes
  2824 | D:3      | 2824 ||| DROPPING +2 whip of freezing.
  2969 | D:3      | 2969 ||| Stepping ~*~*~tactically~*~*~ (stealth).
  3224 | D:3      | 3224 ||| READING scroll labelled IMANARREC NAKA.
  3225 | D:3      | 3225 ||| READING 2 scrolls of identify.
  3225 | D:3      | 3225 ||| IDENTIFYING glowing red potion
  3274 | D:4      | Found Keackar's Antique Weapon Shoppe.
  3277 | D:4      | Noticed Grinder
  3278 | D:4      | 3278 ||| Stepping ~*~*~tactically~*~*~ (hiding).
  3288 | D:4      | Paralysed by something for 4 turns
  3291 | D:4      | Killed from afar by Grinder

Levels and vault maps discovered:
D:1:      minmay_arrival_stone_box, layout_loops_ring, serial_bayou_ford_a
D:2:      layout_loops_corners, shapermc_ecumenical_altar_rom_forum,
          st_stairs_7, minmay_pentomino_v2
D:3:      layout_basic
D:4:      layout_loops_ring, mainiacjoe_overflow_tiny_flanked, serial_shops,
          nicolae_shop_statue_plus, uniq_natasha, uniq_grinder

Skill      XL: |  1  2  3  4  5 |
---------------+----------------+-----
Axes           | 3 4 5 6 |  6.2
Fighting       | |  2.0
Throwing       | |  1.0
Armour         | |  1.1
Dodging        | |  2.1
Spellcasting   | |  2.0
Translocations | |  2.4

Action                   |  1- 3 |  4- 6 || total
-------------------------+-------+-------++-------
Melee: Hand axe          |    31 |       ||    31
       Kick              |    18 |     8 ||    26
       Peck              |    12 |     8 ||    20
       War axe           |    57 |    71 ||   128
       Punch             |     1 |     1 ||     2
Throw: Boomerang         |     7 |       ||     7
  Use: Scroll            |     4 |     4 ||     8
       Potion            |     1 |       ||     1
Armor: Leather armour    |     6 |       ||     6
       Scale mail        |    36 |    32 ||    68
Dodge: Dodged            |    54 |    36 ||    90

Table legend:
 A = Non-vault XP
 B = Vault XP
 C = Vault XP percentage of total XP
 D = Non-vault monster count
 E = Vault monster count
 F = Vault count percentage of total count
                 A         B        C        D         E       F
            +---------+---------+-------+---------+---------+-------
      Total |     255 |       3 |   1.2 |      65 |       2 |   3.0
            +---------+---------+-------+---------+---------+-------
        D:1 |      40 |       0 |   0.0 |      20 |       0 |   0.0
        D:2 |      31 |       3 |   8.8 |      13 |       2 |  13.3
        D:3 |     183 |       0 |   0.0 |      31 |       0 |   0.0
        D:4 |       1 |       0 |   0.0 |       1 |       0 |   0.0
            +---------+---------+-------+---------+---------+-------
